cohdb
Replays
Latest Replays
All Replays
Popular Replays
Top Player Replays
Match Explorer
How It Works
Community
CoH3 Stats
Reddit
Sign in to upload your games and track your stats! →
Sign in with Steam
Match 40692965
Unlisted
Match 40692965
Overview
Messages
Build Orders
End
Panzergrenadier Squad
250 Light Carrier
Panzergrenadier Squad
Construct Light Support Kompanie
Combat Half-tracks
Fire Support Elements
Selects Battlefield Espionage Battlegroup
Panzergrenadier Squad
Selects Sector Subterfuge Beacon
Selects Plunder
Pak 38 Mechanized Group
Flakvierling Half-track
2.5-tonne Medical Truck
Pak 38 Mechanized Group
Selects Firestorm
Selects 250/3 Funkpanzerwagen
Construct Panzerarmee Kommand
Firestorm
Selects Anti-Tank Incendiary Munitions
Panzergrenadier Squad
Armored Reserves
250/3 Funkpanzerwagen
Panzer IV Assault Group
Walking Stuka Rocket Launcher
Tungsten Core Ammunition
Firestorm
Panzer IV Assault Group
Emergency Repair Kits
Panzer IV Assault Group
Firestorm
Panzer IV Assault Group
Firestorm
Firestorm
Tiger Heavy Tank
Rapid Advance
Panzer III L Medium Tank
Panzer III L Medium Tank
Firestorm
Panzerpioneer Squad
Panzerpioneer Squad
HipHopper_2006
Grom
Mister Maf
Sarmynation
0
0
Comments
sign in to comment!
No comments posted yet!